[Event "Team 45 45 League T69"]
[Site "Internet Chess Club"]
[Date "2016.06.26"]
[Round "3"]
[White "jjaillet2007"]
[Black "dabodhi"]
[Result "0-1"]
[WhiteElo "1260"]
[BlackElo "1443"]
[Opening "Nimzo-Indian: Sämisch variation"]
[ECO "E24"]
[Time "20:01:32"]
[TimeControl "2700+45"]

1. d4 Nf6 2. c4 e6 3. Nc3 Bb4 4. a3 Bxc3+ 5. bxc3 b6 6. Bg5 h6 7. Bh4 Ba6 8. e4
g5 9. e5 gxh4 10. exf6 Qxf6 11. Qf3 Qxf3 12. Nxf3 Nc6 13. Nxh4 Na5 14. d5 Nxc4
15. dxe6 dxe6 16. Bxc4 Bxc4 17. Rd1 Bd5 18. f3 O-O-O 19. Kf2 Bb3 20. Rd4 Rxd4
21. cxd4 Rd8 22. Ke3 c5 23. dxc5 bxc5 24. Rc1 c4 25. Rc3 Kc7 26. f4 Rd5 27. Nf3
Ra5 28. Ne5 Rxa3 29. Nxf7 h5 30. Ne5 a5 31. Nxc4 a4 32. Ke4 Ra2 33. Ne3+ Kd6 34.
f5 Bd5+ 35. Nxd5 exd5+ 36. Kd4 Rxg2 37. Rf3 Rg4+ 38. Ke3 a3 39. f6 Re4+ 40. Kd3
a2 41. Rf1 Ra4 42. f7 Ra8 43. Ra1 Ke7 44. Kd4 Ra5 45. Kc3 Kxf7 46. Kb4 Ra8 47.
Kb3 Ke6 48. Rxa2 Rxa2 49. Kxa2 Ke5 50. Kb2 Kd4 51. Kc2 Ke3 52. Kd1 d4 53. h4 Kd3
54. Ke1 Kc2 55. Kf1 d3 56. Ke1 d2+ {White resigns} 0-1

[Event "Team 45 45 League T69"]
[Site "Internet Chess Club"]
[Date "2016.06.27"]
[Round "3"]
[White "smsxman"]
[Black "kingsrook"]
[Result "1-0"]
[WhiteElo "1365"]
[BlackElo "1344"]
[Opening "Sicilian defense"]
[ECO "B40"]
[Time "11:59:20"]
[TimeControl "2700+45"]

1. e4 c5 2. Nf3 e6 3. Nc3 Nc6 4. Bc4 Nf6 5. O-O d5 6. exd5 exd5 7. Bb5 Be7 8.
Bxc6+ bxc6 9. d4 O-O 10. Be3 c4 11. a4 a5 12. Ne5 Qc7 13. Rb1 Rb8 14. Re1 Bd6
15. Bf4 Re8 16. Bg3 Bf5 17. Nf3 Bxg3 18. fxg3 Ne4 19. Nh4 Nxc3 20. bxc3 Rxe1+
21. Qxe1 Bxc2 22. Rxb8+ Qxb8 23. Qa1 Qb1+ 24. Qxb1 Bxb1 25. Kf2 Bc2 26. Ke3 Bxa4
27. Kd2 Bb3 28. Nf5 a4 29. Kc1 Kf8 30. Nd6 a3 31. g4 Ke7 32. Nf5+ Kf6 33. Ne3 g6
34. h4 Ke6 35. g5 f6 36. gxf6 Kxf6 37. g4 h6 38. Ng2 g5 39. h5 Ba4 40. Ne3 Kg7
41. Nf5+ Kh7 42. Ne3 Bb3 43. Kb1 Kg7 44. Kc1 Kh7 45. Nf5 Ba4 46. Ne3 Bb3 47. Kb1
Ba4 48. Ka2 Bb3+ 49. Kxa3 Kg8 50. Kb4 Kf7 51. Kc5 Ba4 52. Kd6 Kg8 53. Ke7 Kh7
54. Kf6 Bb5 55. Nf5 Ba4 56. Ne3 Bb3 57. Ke6 Ba4 58. Kd6 Kg8 59. Ke7 Kh7 60. Kf7
Bb5 61. Kf6 Ba4 62. Ke6 Bb5 63. Nf5 Ba4 64. Kd6 Bd1 65. Ne3 Ba4 66. Ke5 Kg7 67.
Nf5+ Kh7 68. Kd6 Bd1 69. Ne3 Ba4 70. Ke5 Bb3 71. Kf5 Kg7 72. Ke6 Kh7 73. Kd6 Ba4
74. Kc5 Bb5 75. Nf5 Ba4 76. Ne3 Kh8 77. Kb4 Bb5 78. Nxd5 cxd5 79. Kxb5 Kg7 80.
Kc5 Kf6 81. Kxd5 Ke7 82. Ke5 Kf7 83. Kf5 Ke7 84. d5 Kd6 85. Ke4 Kc5 86. Ke5 Kb6
87. d6 Kc6 88. Ke6 {Black resigns} 1-0

[Event "Team 45 45 League T69"]
[Site "Internet Chess Club"]
[Date "2016.06.25"]
[Round "3"]
[White "Electryon"]
[Black "mongmong"]
[Result "1/2-1/2"]
[WhiteElo "1471"]
[BlackElo "1512"]
[Opening "Queen's pawn"]
[ECO "A40"]
[Time "20:06:30"]
[TimeControl "2700+45"]

1. d4 e6 2. Bf4 Nf6 3. e3 c5 4. c3 b6 5. Bd3 Bb7 6. Nf3 d5 7. Nbd2 Nc6 8. Ne5
Nxe5 9. dxe5 Nd7 10. Qg4 g6 11. Qe2 Bg7 12. Nf3 O-O 13. Bb5 a6 14. Bxd7 Qxd7 15.
O-O a5 16. Rfd1 Qc6 17. c4 Ba6 18. b3 Rfd8 19. Bg5 Rd7 20. Bf6 Raa7 21. Qc2 dxc4
22. bxc4 Rxd1+ 23. Rxd1 Rd7 24. Rxd7 Qxd7 25. h3 Bb7 26. e4 Bxf6 27. exf6 Qd8
28. e5 Bxf3 29. gxf3 Qd4 30. Qe4 Qxe4 31. fxe4 Kf8 32. a4 h6 33. f4 Kg8 34. h4
Kh7 35. Kg2 h5 36. Kf3 Kh6 37. Kg3 Kh7 {Game drawn by mutual agreement} 1/2-1/2

[Event "Team 45 45 League T69"]
[Site "Internet Chess Club"]
[Date "2016.06.27"]
[Round "3"]
[White "Kandor"]
[Black "Aquaman"]
[Result "0-1"]
[WhiteElo "1274"]
[BlackElo "1358"]
[Opening "Philidor's defense"]
[ECO "C41"]
[Time "15:30:21"]
[TimeControl "2700+45"]

1. e4 e5 2. Nf3 d6 3. Bc4 Be7 4. O-O Nf6 5. d4 exd4 6. Qxd4 Nc6 7. Qd1 Nxe4 8.
Qe2 Nf6 9. Bg5 O-O 10. Re1 Bd7 11. Nc3 Re8 12. Rad1 Bf8 13. Qd3 Rxe1+ 14. Rxe1
Be7 15. Nd5 Nxd5 16. Bxe7 Ndxe7 17. Ng5 Bf5 18. Bxf7+ Kf8 19. Qb3 h6 20. Bg8 d5
{White resigns} 0-1

[Event "Team 45 45 League T69"]
[Site "Internet Chess Club"]
[Date "2016.06.27"]
[Round "3"]
[White "GiantsFan"]
[Black "chips"]
[Result "1/2-1/2"]
[WhiteElo "1139"]
[BlackElo "1235"]
[Opening "Queen's pawn: English defense"]
[ECO "A40"]
[Time "10:15:15"]
[TimeControl "2700+45"]

1. d4 b6 2. c4 Bb7 3. Nc3 d5 4. e3 e6 5. Nf3 Nf6 6. Bd2 g6 7. Rc1 Bg7 8. Qa4+
Qd7 9. Ne5 Qxa4 10. Nxa4 Ne4 11. c5 Nxd2 12. Kxd2 Bxe5 13. dxe5 O-O 14. Bd3 Nd7
15. c6 Bxc6 16. Rxc6 Rac8 17. Rhc1 Nxe5 18. Rxc7 Ra8 19. Ba6 Ng4 20. f3 Nh6 21.
Rc8 Nf5 22. Rxa8 Rxa8 23. Rc8+ Rxc8 24. Bxc8 Nh4 25. b4 Nxg2 26. Nc3 Nh4 27. Ke2
a5 28. bxa5 bxa5 29. f4 Nf5 30. Nb5 Kf8 31. Kd3 Nh4 32. e4 dxe4+ 33. Kxe4 Ng2
34. Na7 Ne1 35. a4 f5+ 36. Ke5 Nf3+ 37. Kf6 Nxh2 38. Bxe6 Ng4+ 39. Kg5 Kg7 40.
Nc6 Nf6 41. Nxa5 Ne4+ 42. Kh4 Nc5 43. Bd5 Nxa4 44. Bf3 Nc5 45. Nc4 Kf6 46. Ne5
h6 47. Bd5 g5+ 48. fxg5+ hxg5+ 49. Kg3 Kxe5 50. Bf3 Ne4+ 51. Kh3 Kf4 52. Kg2 Nd2
53. Be2 g4 54. Kf2 Ne4+ 55. Kg2 Ke3 56. Bc4 g3 57. Be6 f4 58. Bg4 Nf2 59. Bf3
Ne4 60. Bh5 Nf6 61. Bf3 Nd7 62. Bd1 Nc5 63. Bf3 Nb3 64. Bd1 Nd2 65. Bg4 f3+ 66.
Bxf3 Nxf3 67. Kxg3 {Game drawn because neither player has mating material}
1/2-1/2

[Event "Team 45 45 League T69"]
[Site "Internet Chess Club"]
[Date "2016.06.26"]
[Round "3"]
[White "stantheman59"]
[Black "RobertBuice"]
[Result "1-0"]
[WhiteElo "1158"]
[BlackElo "1107"]
[Opening "Four knights: Italian variation"]
[ECO "C55"]
[Time "19:03:58"]
[TimeControl "2700+45"]

1. e4 e5 2. Nf3 Nc6 3. Bc4 Nf6 4. Nc3 Bb4 5. d3 d6 6. O-O Be6 7. Bxe6 fxe6 8.
Ne2 Bc5 9. Bd2 d5 10. Ng5 Qe7 11. a3 O-O-O 12. b4 Bb6 13. Be3 d4 14. Bd2 h6 15.
Nf3 g5 16. b5 Na5 17. Nxe5 g4 18. Ng6 Qd6 19. Nxh8 Rxh8 20. Qe1 h5 21. Bxa5 h4
22. Bxb6 h3 23. Bxd4 hxg2 24. f4 gxf1=Q+ 25. Qxf1 g3 26. hxg3 Qf8 27. Bxf6 Qxf6
28. Kf2 Rh2+ 29. Ke3 Qb2 30. Qb1 Qh8 31. Qb3 e5 32. Qe6+ Kd8 33. Qxe5 b6 34.
Qd5+ Kc8 35. Qa8+ Kd7 36. Qxh8 Rxh8 37. e5 Ke6 38. Ke4 Rh2 39. Nd4+ Kd7 40. c4
Rg2 41. e6+ Kd6 42. f5 Rxg3 43. Rf1 Rg4+ 44. Rf4 Rg1 45. f6 Re1+ 46. Kf5 Rd1 47.
e7 Rxd3 48. e8=Q Rxa3 49. Qf8+ Kd7 50. Qxa3 c6 51. Qxa7+ Kd6 52. Qxb6 Kd7 53.
Qxc6+ Kd8 54. Ne6# {Black checkmated} 1-0

[Event "Team 45 45 League T69"]
[Site "Internet Chess Club"]
[Date "2016.06.23"]
[Round "3"]
[White "chesster3145"]
[Black "karthikkallam"]
[Result "0-1"]
[WhiteElo "1185"]
[BlackElo "1405"]
[Opening "QGD: Semi-Tarrasch"]
[ECO "D50"]
[Time "21:00:09"]
[TimeControl "2700+45"]

1. d4 d5 2. c4 e6 3. Nc3 Nf6 4. Bg5 c5 5. cxd5 exd5 6. Bxf6 gxf6 7. Nf3 Be6 8.
dxc5 Bxc5 9. e3 Nc6 10. Bb5 Rg8 11. g3 a6 12. Bxc6+ bxc6 13. O-O Bg4 14. Kg2 Qd7
15. Re1 Bh3+ 16. Kh1 Bg4 17. a3 h5 18. Na4 Ba7 19. Rc1 Qf5 20. Kg2 h4 21. Nxh4
Bxd1 22. Nxf5 Bxa4 23. e4 d4 24. Rc4 Bb5 {White resigns} 0-1

[Event "Team 45 45 League T69"]
[Site "Internet Chess Club"]
[Date "2016.06.28"]
[Round "3"]
[White "KnightmanAJ"]
[Black "olivermx"]
[Result "1-0"]
[WhiteElo "1297"]
[BlackElo "1320"]
[Opening "Scotch gambit: Benima defense"]
[ECO "C50"]
[Time "16:00:16"]
[TimeControl "2700+45"]

1. e4 e5 2. Nf3 Nc6 3. Bc4 Be7 4. d4 exd4 5. Nxd4 Nxd4 6. Qxd4 f6 7. O-O d6 8.
Qd5 Nh6 9. Bxh6 gxh6 10. Qh5+ Kd7 11. Qxh6 Qf8 12. Qh3+ Kd8 13. Qd3 Bd7 14. Qb3
b6 15. Nc3 Qg7 16. Kh1 f5 17. exf5 Bxf5 18. a4 Qg6 19. Rac1 a5 20. Nd5 Be4 21.
f3 Bxd5 22. Bxd5 Rb8 23. Qe3 Re8 24. Rfe1 Bg5 25. Qxe8+ Qxe8 26. Rxe8+ Kxe8 27.
Re1+ Kf8 28. f4 Bh6 29. f5 Bg7 30. g4 Re8 31. Rxe8+ Kxe8 32. Kg2 Ke7 33. g5 h6
34. f6+ Bxf6 35. gxf6+ Kxf6 36. Kf3 Ke5 37. Be4 d5 38. Bd3 c5 39. b3 d4 40. Kg4
Kf6 41. Kh5 Kg7 42. h4 Kh8 43. Kxh6 Kg8 44. Kg6 Kh8 45. Kf6 {Black resigns} 1-0

[Event "Team 45 45 League T69"]
[Site "Internet Chess Club"]
[Date "2016.06.22"]
[Round "3"]
[White "Optimalsquare"]
[Black "princevultan2"]
[Result "1-0"]
[WhiteElo "1205"]
[BlackElo "1218"]
[Opening "Queen's pawn, Mason variation"]
[ECO "D00"]
[Time "20:45:29"]
[TimeControl "2700+45"]

1. d4 d5 2. Bf4 Nf6 3. e3 h6 4. Nf3 Bg4 5. h3 Bxf3 6. Qxf3 e6 7. Nc3 a6 8. Bd3
c5 9. O-O-O Be7 10. dxc5 Bxc5 11. e4 O-O 12. exd5 exd5 13. Nxd5 Nxd5 14. Be4 Qb6
15. Rxd5 Bd4 16. Rxd4 Qxd4 17. Bxb7 Ra7 18. Be3 Qd7 19. Bxa7 a5 20. Bc5 Re8 21.
Rd1 Qb5 22. Bd5 a4 23. Qxf7+ Kh8 24. Bf8 Rxf8 25. Qxf8+ Kh7 26. Be4+ g6 27. Qf7+
Kh8 28. Rd8+ Qe8 29. Rxe8# {Black checkmated} 1-0

[Event "Team 45 45 League T69"]
[Site "Internet Chess Club"]
[Date "2016.06.27"]
[Round "3"]
[White "Xbug"]
[Black "oldbookseller"]
[Result "1-0"]
[WhiteElo "1008"]
[BlackElo "1004"]
[Opening "QGD: 4.Nf3"]
[ECO "D37"]
[Time "15:00:19"]
[TimeControl "2700+45"]

1. d4 d5 2. c4 e6 3. Nc3 Nf6 4. Nf3 Nbd7 5. Bg5 Be7 6. cxd5 exd5 7. e3 O-O 8.
Be2 c5 9. dxc5 Bxc5 10. Nxd5 Bb4+ 11. Nxb4 Qa5 12. Qb3 b6 13. O-O Ne4 14. Bf4
Ndc5 15. Qa3 Na4 16. Nc6 Re8 17. Nxa5 Bd7 18. Nc4 Rac8 19. Nd6 Nxd6 20. Bxd6 Rc2
21. Bd1 Rcc8 22. Bxa4 Bxa4 23. Qxa4 Re6 24. Rac1 Rd8 25. Rc7 Rexd6 26. Qxa7 Rd1
27. Rxf7 Rxf1+ 28. Kxf1 Rd1+ 29. Ke2 {Black resigns} 1-0

[Event "Team 45 45 League T69"]
[Site "Internet Chess Club"]
[Date "2016.07.03"]
[Round "3"]
[White "SlimeDog2"]
[Black "LittleButton"]
[Result "1-0"]
[WhiteElo "2033"]
[BlackElo "1840"]
[Opening "QGD: Janowski variation"]
[ECO "D31"]
[Time "15:39:21"]
[TimeControl "2700+45"]

1. d4 d5 2. c4 e6 3. Nc3 a6 4. cxd5 exd5 5. Nf3 c6 6. Bf4 Bd6 7. Bxd6 Qxd6 8. e3
Ne7 9. Bd3 Bf5 10. Bxf5 Nxf5 11. Qc2 Qe6 12. O-O O-O 13. a4 Nd7 14. a5 h6 15.
Na4 Nd6 16. b4 Nc4 17. Nc5 Nxc5 18. bxc5 Qe7 19. Rfb1 Rab8 20. Nd2 Nxd2 21. Qxd2
f5 22. Rb6 Rf7 23. Rab1 Qd8 24. Qd3 g6 25. Qxa6 Ra8 26. Qd3 Rxa5 27. Rxb7 Rxb7
28. Rxb7 Qa8 29. Rb1 Ra2 30. g4 Qa5 31. gxf5 Ra3 32. Qc2 Rc3 33. Qb2 gxf5 34.
Qb8+ Kf7 35. Qb7+ {Black resigns} 1-0

[Event "Team 45 45 League T69"]
[Site "Internet Chess Club"]
[Date "2016.06.25"]
[Round "3"]
[White "losscause"]
[Black "LazyPeon"]
[Result "0-1"]
[WhiteElo "1563"]
[BlackElo "1715"]
[Opening "King's Indian: London system"]
[ECO "A48"]
[Time "16:00:19"]
[TimeControl "2700+45"]

1. d4 Nf6 2. Nf3 g6 3. Bf4 Bg7 4. c4 c5 5. d5 b5 6. Nc3 bxc4 7. e4 Nh5 8. Bd2 d6
9. Bxc4 Nd7 10. Qc1 Rb8 11. O-O O-O 12. Rb1 Ne5 13. Nxe5 Bxe5 14. Ne2 f5 15. f4
Bg7 16. Bc3 fxe4 17. Bxg7 Nxg7 18. Ng3 Bf5 19. Qe3 Rb4 20. b3 Qa5 21. a4 Rfb8
22. Rfd1 Qc7 23. Nh1 Bd7 24. Ra1 e6 25. Qxe4 exd5 26. Qxd5+ Be6 27. Qxd6 Qxd6
28. Rxd6 Bxc4 {White resigns} 0-1

[Event "Team 45 45 League T69"]
[Site "Internet Chess Club"]
[Date "2016.06.27"]
[Round "3"]
[White "Rhel"]
[Black "tryanything"]
[Result "1-0"]
[WhiteElo "1693"]
[BlackElo "1563"]
[Opening "Budapest: Adler variation"]
[ECO "A52"]
[Time "05:00:27"]
[TimeControl "2700+45"]

1. d4 Nf6 2. c4 e5 3. dxe5 Ng4 4. Nf3 Bc5 5. e3 Nc6 6. Be2 Ngxe5 7. Nxe5 Nxe5 8.
Nc3 d6 9. O-O O-O 10. Na4 Be6 11. Nxc5 dxc5 12. b3 Qxd1 13. Rxd1 Rad8 14. Bb2
Ng6 15. Bf3 b6 16. g3 Rd6 17. Rxd6 cxd6 18. Rd1 Rd8 19. h4 Ne7 20. Be5 d5 21.
cxd5 f6 22. Bc7 Rxd5 23. Bxd5 Nxd5 24. Bb8 a5 25. e4 Nc3 26. Rd6 Kf7 27. Rxb6
Nxe4 28. Ra6 a4 29. Rxa4 Nc3 30. Ra7+ Kg6 31. Bf4 Ne2+ 32. Kf1 Nxf4 33. gxf4 h5
34. Ke2 c4 35. b4 c3 36. Rc7 Bxa2 37. Rxc3 Kf5 38. Ke3 {Black resigns} 1-0

[Event "Team 45 45 League T69"]
[Site "Internet Chess Club"]
[Date "2016.06.28"]
[Round "3"]
[White "Capt-Morgan"]
[Black "JJ12"]
[Result "0-1"]
[WhiteElo "1798"]
[BlackElo "2130"]
[Opening "Benkö gambit half accepted"]
[ECO "A57"]
[Time "16:51:41"]
[TimeControl "2700+45"]

1. d4 Nf6 2. c4 c5 3. d5 b5 4. cxb5 a6 5. e3 axb5 6. Bxb5 Qa5+ 7. Nc3 Bb7 8. Bd2
Qb6 9. Qb3 g6 10. Nf3 Bg7 11. e4 O-O 12. O-O d6 13. e5 Nfd7 14. exd6 exd6 15.
Qc4 Ba6 16. a4 Qc7 17. a5 Ne5 18. Nxe5 Bxe5 19. b4 Rc8 20. Bxa6 Rxa6 21. b5 Rxa5
22. Rfb1 Rxa1 23. Rxa1 Nd7 24. Ra6 Nb6 25. Qa2 c4 26. Qa5 Nd7 27. Qa2 Qd8 28. g3
Qf6 29. Rc6 Re8 30. Qxc4 Bd4 31. Bf4 Ne5 32. Qe2 Qf5 33. Ne4 Ng4 34. h3 Rxe4 35.
Qxg4 Re1+ 36. Kh2 Qxd5 37. Qc8+ Kg7 38. g4 Rh1+ {White resigns} 0-1

[Event "Team 45 45 League T69"]
[Site "Internet Chess Club"]
[Date "2016.06.25"]
[Round "3"]
[White "xt"]
[Black "PolishRyszard"]
[Result "1-0"]
[WhiteElo "1772"]
[BlackElo "1852"]
[Opening "Sicilian: dragon, Yugoslav attack, 10.O-O-O"]
[ECO "B79"]
[Time "13:00:20"]
[TimeControl "2700+45"]

1. e4 c5 2. Nf3 d6 3. d4 cxd4 4. Nxd4 Nf6 5. Nc3 g6 6. Be3 Bg7 7. Bc4 O-O 8. f3
Nc6 9. Qd2 Bd7 10. O-O-O Qa5 11. Bb3 Rfc8 12. Kb1 Ne5 13. h4 b5 14. Ncxb5 Qb6
15. Nc3 Rxc3 16. Qxc3 Rc8 17. Qd2 Qb7 18. Bh6 Bh8 19. Nf5 Be8 20. h5 Nc4 21. Qb4
Qc7 22. Qxc4 gxf5 23. Qxc7 Rxc7 24. exf5 Bg7 25. Bxg7 Kxg7 26. h6+ Kf8 27. g4
Bc6 28. Rh3 a5 29. a4 Nd7 30. g5 Rb7 31. g6 Nf6 32. Bxf7 Bxa4 33. Bd5 Rc7 34.
g7+ Ke8 35. b3 Bd7 36. Be6 Bxe6 37. fxe6 Rc5 38. Rg3 Re5 39. g8=Q+ {Black
resigns} 1-0

[Event "Team 45 45 League T69"]
[Site "Internet Chess Club"]
[Date "2016.06.22"]
[Round "3"]
[White "Bleddyn"]
[Black "passedpawn"]
[Result "1/2-1/2"]
[WhiteElo "1584"]
[BlackElo "1875"]
[Opening "Queen's pawn: London system"]
[ECO "A45"]
[Time "16:30:33"]
[TimeControl "2700+45"]

1. d4 Nf6 2. Bf4 e6 3. Nf3 d5 4. e3 c5 5. c3 Nc6 6. Nbd2 Bd6 7. Bg3 O-O 8. Bd3
b6 9. e4 dxe4 10. Nxe4 Nxe4 11. Bxe4 Bb7 12. dxc5 Bxc5 13. Qa4 Rc8 14. O-O Qe7
15. Rad1 a5 16. Rfe1 Rfd8 17. Bh4 f6 18. Bd5 Rd6 19. Bg3 Rxd5 20. Rxd5 Ne5 21.
Rdxe5 fxe5 22. Nxe5 Bd5 23. a3 Qb7 {Game drawn by mutual agreement} 1/2-1/2

[Event "Team 45 45 League T69"]
[Site "Internet Chess Club"]
[Date "2016.06.25"]
[Round "3"]
[White "bradleyguo175"]
[Black "idjit"]
[Result "1-0"]
[WhiteElo "1644"]
[BlackElo "1545"]
[Opening "Bogo-Indian defense"]
[ECO "E11"]
[Time "10:35:36"]
[TimeControl "2700+45"]

1. d4 Nf6 2. c4 e6 3. Nf3 Bb4+ 4. Bd2 c5 5. Bxb4 cxb4 6. g3 O-O 7. Bg2 d6 8. O-O
Nc6 9. a3 Qc7 10. Qb3 a5 11. axb4 Nxb4 12. Nc3 Bd7 13. e4 e5 14. Rfd1 Rac8 15.
Rac1 Qxc4 16. Qxc4 Rxc4 17. dxe5 Nxe4 18. Nxe4 Rxe4 19. exd6 Nc6 20. Ng5 Rb4 21.
Ne4 b6 22. Nf6+ gxf6 23. Bxc6 Bxc6 24. Rxc6 Rd8 25. d7 Kf8 26. Rc8 Ke7 27. Rxd8
Kxd8 28. Rd2 b5 29. Kf1 Re4 30. Rd6 Re6 31. Rd5 Re5 32. Rd6 a4 33. Rxf6 Kxd7 34.
Rxf7+ Re7 35. Rxe7+ Kxe7 36. Ke2 b4 37. Kd3 {Black resigns} 1-0